Cogmind - Beta 10.2 @@@ ROGUE MODE // 2021.05.30 @ 10:46:36 Player: KeithInKC Result: Destroyed by as-13769 with Assembled Maul Performance ------------- Evolutions (0) 0 Regions Visited (4) 800 Robots Destroyed (11) 55 Value Destroyed (255) 255 Prototype IDs (23) 460 Alien Tech Used (0) 0 Bonus (300) 300 TOTAL SCORE: 1870 Bonus ------- Aligned with FarCom 300 Cogmind --------- Core Integrity 0/250 Matter 300/300 Energy 100/100 System Corruption 0% Temperature Cool (0) Movement Core (50) Location -9/Mines Parts ------- > --- POWER (1) -------- (None) > --- PROPULSION (2) --- (None) > --- UTILITY (2) ------ Signal Interpreter > --- WEAPON (2) ------- (None) > --- INVENTORY (4) ---- Humpback Sensor Array PSU Rigger Peak State ------------ > --- POWER ------------ Improved Ion Engine > --- PROPULSION ------- Light Treads Light Treads > --- UTILITY ---------- Large Storage Unit High-powered Tractor Beam > --- WEAPON ----------- Light EM Pulse Cannon Light EM Pulse Cannon > --- INVENTORY -------- Improved Ion Engine Aluminum Leg Aluminum Leg Large Storage Unit Large Battery Sensor Array Sensor Array Improved Terrain Scanner Light Assault Rifle [Rating: 12] Favorites ----------- Power Improved Ion Engine Engine Improved Ion Engine Propulsion Light Treads Treads Light Treads Utility Large Storage Unit Device Sensor Array Storage Large Storage Unit Processor Signal Interpreter Weapon Light EM Pulse Cannon Energy Cannon Light EM Pulse Cannon Ballistic Gun Assault Rifle Build | -11 -10 -10 -10 -9 ------- Run | Scr Mat Min Exi Min Slots Evolved . | . . . . . Power . | . . . . . Propulsion . | . . . . . Utility . | . . . . . Weapon . | . . . . . Parts Attached 17 | 8 8 1 . . Power 3 | 2 1 . . . Engine 3 | 2 1 . . . Core . | . . . . . Reactor . | . . . . . Propulsion 2 | 2 . . . . Treads 2 | 2 . . . . Leg . | . . . . . Wheel . | . . . . . Hover . | . . . . . Flight . | . . . . . Utility 7 | 2 4 1 . . Device 4 | 1 3 . . . Storage 2 | 1 1 . . . Processor 1 | . . 1 . . Hackware . | . . . . . Protection . | . . . . . Artifact . | . . . . . Weapon 5 | 2 3 . . . Energy Gun . | . . . . . Energy Cannon 3 | . 3 . . . Ballistic Gun 2 | 2 . . . . Ballistic Cannon . | . . . . . Launcher . | . . . . . Special Weapon . | . . . . . Impact Weapon . | . . . . . Slashing Weapon . | . . . . . Piercing Weapon . | . . . . . Special Melee Weapon . | . . . . . Unidentified Prototypes . | . . . . . Parts Lost 5 | . . . . 5 Power 1 | . . . . 1 Propulsion 2 | . . . . 2 Utility . | . . . . . Weapon 2 | . . . . 2 Highest Loss Streak 4 | . . . . 4 Average Slot Usage (%) 96 | . 99 100 100 74 Engine 13 | . 14 14 14 13 Treads 26 | . 28 28 28 18 Device 4 | . 14 12 . . Storage 13 | . 14 14 14 9 Processor 9 | . . 1 14 14 Energy Cannon 24 | . 15 28 28 18 Ballistic Gun 1 | . 12 . . . Naked Turns . | . . . . . Heaviest Build 32 | 13 32 31 30 30 Greatest Support 40 | 40 40 40 40 40 Greatest Overweight (x) 3 | . . . . 3 Average Overweight (x) . | . . . . . Largest Inventory Capacity 10 | 6 10 10 10 10 Average Capacity 9 | 5 7 10 10 7 Most Carried 10 | 6 10 10 10 10 Average Carried 8 | 3 6 9 9 7 Final Capacity 10 | 6 10 10 10 4 Final Carried 10 | 6 10 10 10 4 Class Distribution -------------------- 100% | Mutant Dominant Class ---------------- Mutant | -10/Materials Mutant | -10/Mines Mutant | -10/Exiles Mutant | -9/Mines Resources | -11 -10 -10 -10 -9 ----------- Run | Scr Mat Min Exi Min Matter Collected 484 | 292 162 30 . . Remotely 77 | . 77 . . . Salvage Created 369 | 85 205 51 . 28 Parts 19 | 4 7 6 . 2 Haulers Intercepted . | . . . . . Recyclers Shooed . | . . . . . Parts Field Recycled . | . . . . . Retrieved Matter . | . . . . . Parts Self-Destructed . | . . . . . Prevented . | . . . . . Kills | -11 -10 -10 -10 -9 ------- Run | Scr Mat Min Exi Min Combat Hostiles Destroyed 8 | . 4 3 . 1 Guns 2 | . 2 . . . Cannons 4 | . 1 3 . . AOE 2 | . 1 . . 1 Classes Destroyed 5 | 2 2 1 . . Tunneler 1 | 1 . . . . Recycler 1 | 1 . . . . Watcher 1 | . 1 . . . Swarmer 3 | . . 3 . . Grunt 5 | . 4 . . 1 Best Kill Streak 3 | 2 3 3 . 1 Combat Bots Only 3 | . 2 3 . 1 Max Kills in Single Turn 2 | 1 2 1 . 1 Gunslinging . | . . . . . Exploded 1 | . 1 . . 1 Melee . | . . . . . Uniques/NPCs Destroyed . | . . . . . Combat | -11 -10 -10 -10 -9 -------- Run | Scr Mat Min Exi Min Damage Taken 938 | . 336 39 . 563 Core 263 | . 108 . . 155 Absorbed by Shields . | . . . . . Core Remaining (%) 100 | 100 . . . . Volleys Fired 35 | 2 21 4 . 8 Largest 2 | 2 2 2 . 2 Hottest 116 | 40 112 116 . 116 Shots Fired 67 | 4 42 8 . 13 Gun 38 | 4 34 . . . Cannon 29 | . 8 8 . 13 Launcher . | . . . . . Special . | . . . . . Kinetic 38 | 4 34 . . . Thermal 12 | . . 4 . 8 Explosive . | . . . . . Electromagnetic 17 | . 8 4 . 5 Robot Hit Streak 13 | 3 11 13 . 3 Robot Miss Streak 3 | . 3 1 . 2 Penetration Max . | . . . . . Secondary Targets 1 | . 1 . . . Max Gunslinging Chain 1 | . 1 . . . Shots Hit Robots 45 | 3 31 4 . 7 Core Hits 17 | 2 10 3 . 2 Critical Hits . | . . . . . Critical Kills . | . . . . . Critical Parts Destroyed . | . . . . . Melee Attacks . | . . . . . Impact . | . . . . . Slashing . | . . . . . Piercing . | . . . . . Sneak Attacks . | . . . . . Combat Hostiles . | . . . . . Follow-up Attacks . | . . . . . Damage Inflicted 985 | 54 594 57 . 280 Guns 399 | 54 345 . . . Cannons 339 | . 137 57 . 145 Explosions 229 | . 112 . . 117 Melee . | . . . . . Ramming 18 | . . . . 18 Kinetic 399 | 54 345 . . . Thermal 282 | . 112 . . 170 Explosive . | . . . . . Electromagnetic 286 | . 137 57 . 92 Impact . | . . . . . Slashing . | . . . . . Piercing . | . . . . . Highest Corruption . | . . . . . Average Corruption . | . . . . . Corruption Purged . | . . . . . Overload Shots . | . . . . . Overflow Damage 9 | . . . . 9 Projectiles . | . . . . . Explosions 9 | . . . . 9 Melee . | . . . . . Knockbacks 1 | . . . . 1 Impact 1 | . . . . 1 Kinetic . | . . . . . Secondary . | . . . . . Self-Inflicted Damage 25 | . . . . 25 Shots 1 | . . . . 1 Rammed 2 | . . . . 2 Targets Rammed 2 | . . . . 2 Kicked . | . . . . . Crushed . | . . . . . Highest Temperature 375 | . 222 211 . 375 Average Temperature 139 | . 61 108 . 221 Received Heat Transfer 480 | . 189 . . 291 Effects 1 | . . . . 1 Shutdowns 1 | . . . . 1 Siege Activations . | . . . . . Robots Corrupted . | . . . . . Combat Hostiles . | . . . . . Parts Fried . | . . . . . Impact Corruptions . | . . . . . Robots Melted . | . . . . . Combat Hostiles . | . . . . . Parts Melted . | . . . . . Heat Transferred 411 | . 100 . . 311 Parts Sabotaged . | . . . . . Parts Stolen . | . . . . . Parts Stripped . | . . . . . Power Chain Reactions 2 | . 1 . . 1 Missiles Intercepted . | . . . . . Alert | -11 -10 -10 -10 -9 ------- Run | Scr Mat Min Exi Min Peak Influence 121 | 10 113 121 . 65 Initial 43 | . 6 43 . . Average 61 | 3 50 112 . 14 Maximum Alert Level . | . . . . . Low Security (%) 100 | 100 100 100 . 100 Level 1 . | . . . . . Level 2 . | . . . . . Level 3 . | . . . . . Level 4 . | . . . . . Level 5 . | . . . . . High Security . | . . . . . Max Security . | . . . . . Squads Dispatched . | . . . . . Investigation . | . . . . . Extermination . | . . . . . Reinforcement . | . . . . . Assault . | . . . . . Garrison . | . . . . . Intercept . | . . . . . Construction Impeded . | . . . . . Haulers Reinforced . | . . . . . Stealth | -11 -10 -10 -10 -9 --------- Run | Scr Mat Min Exi Min Distress Signals 1 | . 1 . . . Communications Jammed . | . . . . . Distress Signals . | . . . . . Times Spotted 17 | . 7 2 . 8 Peak Tracking Total 4 | . 4 2 . 3 Tactical Retreats 3 | . . . . 3 Traps | -11 -10 -10 -10 -9 ------- Run | Scr Mat Min Exi Min Traps Triggered . | . . . . . Indirectly . | . . . . . Trap Hack Attempts . | . . . . . Triggered . | . . . . . Disarmed . | . . . . . Reprogrammed . | . . . . . Reused . | . . . . . Traps Extracted . | . . . . . Installed . | . . . . . Triggered . | . . . . . Exploded 2 | . . . 2 . Machines | -11 -10 -10 -10 -9 ---------- Run | Scr Mat Min Exi Min Machines Disabled . | . . . . . Max in Single Turn . | . . . . . Machines Sabotaged . | . . . . . Garrisons Compromised . | . . . . . Overloaded Fab Kills . | . . . . . Fab Network Shutdowns . | . . . . . Hacking | -11 -10 -10 -10 -9 --------- Run | Scr Mat Min Exi Min Machines Accessed 6 | . . 1 5 . Terminals 1 | . . 1 . . Fabricators . | . . . . . Repair Stations . | . . . . . Recycling Units . | . . . . . Scanalyzers . | . . . . . Garrison Access . | . . . . . Total Hacks 52 | . . 2 50 . Successful 51 | . . 1 50 . Failed 1 | . . 1 . . Catastrophic . | . . . . . Database Lockouts . | . . . . . Manual 7 | . . 2 5 . Terminals 2 | . . 2 . . Fabricators . | . . . . . Repair Stations . | . . . . . Recycling Units . | . . . . . Scanalyzers . | . . . . . Garrison Access . | . . . . . Terminal Hacks 51 | . . 1 50 . Record 49 | . . . 49 . Branch Access Points 1 | . . 1 . . EX-Prototype ID Bank 1 | . . . 1 . Fabricator Hacks . | . . . . . Repair Station Hacks . | . . . . . Recycling Unit Hacks . | . . . . . Scanalyzer . | . . . . . Garrison Access Hacks . | . . . . . Unauthorized Hacks . | . . . . . Terminals . | . . . . . Fabricators . | . . . . . Repair Stations . | . . . . . Recycling Units . | . . . . . Scanalyzers . | . . . . . Garrison Access . | . . . . . Data Cores Recovered . | . . . . . Used . | . . . . . Hacking Detections . | . . . . . Full Trace Events . | . . . . . Feedback Events . | . . . . . Feedback Blocked . | . . . . . Robot Schematics Acquired . | . . . . . Robots Built . | . . . . . Matter . | . . . . . Time . | . . . . . Total Robot Build Rating . | . . . . . Part Schematics Acquired . | . . . . . Parts Built . | . . . . . Matter . | . . . . . Time . | . . . . . Total Part Build Rating . | . . . . . Parts Repaired . | . . . . . Time . | . . . . . Parts Recycled . | . . . . . Recycled Matter . | . . . . . Retrieved Matter . | . . . . . Retrieved Components . | . . . . . Parts Scanalyzed . | . . . . . Part Schematics Acquired . | . . . . . Parts Damaged . | . . . . . Bothacking | -11 -10 -10 -10 -9 ------------ Run | Scr Mat Min Exi Min Used RIF Installer . | . . . . . Robots Hacked . | . . . . . Non-combat . | . . . . . Combat . | . . . . . Robot Hacks Applied . | . . . . . Relay Couplers Released . | . . . . . Robots Rewired . | . . . . . Allies Hacked . | . . . . . Hacks Repelled . | . . . . . Allies | -11 -10 -10 -10 -9 -------- Run | Scr Mat Min Exi Min Total Allies 3 | . . . . 3 Largest Group 3 | . . . . 3 Highest-Rated Group 40 | . . . . 40 Highest-Rated Ally 16 | . . . . 16 Total Orders . | . . . . . Ally Attacks 4 | . . . . 4 Total Damage 61 | . . . . 61 Kills . | . . . . . Allies Corrupted . | . . . . . Allies Melted . | . . . . . Intel | -11 -10 -10 -10 -9 ------- Run | Scr Mat Min Exi Min Robot Analysis Total . | . . . . . Derelict Logs Recovered 1 | . . 1 . . Drone Launches . | . . . . . Drone Recoveries . | . . . . . Exploration | -11 -10 -10 -10 -9 ------------- Run | Scr Mat Min Exi Min Turns Passed 2066 | 114 271 407 1029 245 Spaces Moved 1162 | 57 115 239 641 110 Core 67 | 5 . . . 62 Treads 1095 | 52 115 239 641 48 Legs . | . . . . . Wheels . | . . . . . Hover . | . . . . . Flight . | . . . . . Fastest Speed 50 | 50 160 160 160 50 Average Speed 158 | 150 160 160 160 146 Slowest Speed 200 | 160 160 160 160 200 Overloaded Moves . | . . . . . Propulsion Burnouts . | . . . . . Robots Hopped . | . . . . . Cave-ins Triggered . | . . . . . Exploration Rate (%) 37 | 4 27 50 93 15 Regions Visited 4 Branch Regions 3 Pre-discovered Areas 2 | . . 1 1 . Known Exits Taken 2 | . . 1 1 . Unknown Exits Taken 2 | 1 1 . . . Scrap Searched 1 | . . 1 . . Spaces Dug . | . . . . . Terrain Destroyed 10 | . 6 . . 4 Melee . | . . . . . Projectile . | . . . . . AOE 10 | . 6 . . 4 Terrain Rammed . | . . . . . Walls Destroyed . | . . . . . Machines Disabled . | . . . . . Actions | -11 -10 -10 -10 -9 --------- Run | Scr Mat Min Exi Min Total 1324 | 80 161 257 646 180 Wait 72 | 2 4 6 1 59 Move 1158 | 56 114 238 640 110 Hop . | . . . . . Pick Up 24 | 12 7 3 2 . Fast Attach 3 | 1 2 . . . Attach 6 | 6 . . . . Detach . | . . . . . Swap 8 | 1 6 1 . . Drop 14 | . 7 3 3 1 Fire 35 | 2 21 4 . 8 Melee . | . . . . . Ram 1 | . . . . 1 Kick . | . . . . . Crush 1 | . . . . 1 Escape Stasis . | . . . . . Rewire 2 | . . 2 . . Trap . | . . . . . Miscellaneous . | . . . . . Route ------- -11/Scrapyard -10/Materials -10/Mines (discovered 2 exits: *Mat / *Exi) -10/Exiles (discovered 2 exits: *Min x2) -9/Mines History --------- Turn | Location | Event 9 | -11/Scrapyard | Discovered new exit (range 15) 115 | -11/Scrapyard | Entered Materials 327 | -10/Materials | Build established: Mutant 377 | -10/Materials | Discovered new exit (range 7) 386 | -10/Materials | Entered Mines 413 | -10/Mines | Learned location of Zion (-7) 542 | -10/Mines | Deemed a non-threat by the Exiles lab entrance 542 | -10/Mines | Discovered new exit (range 5) 586 | -10/Mines | Discovered new exit (range 8) 745 | -10/Mines | Identified exit to Materials 792 | -10/Mines | Identified exit to Exiles 793 | -10/Mines | Entered Exiles 819 | -10/Exiles | Discovered new exit (range 14) 838 | -10/Exiles | Identified exit to Mines 872 | -10/Exiles | Met 8R-AWN 897 | -10/Exiles | Met EX-HEX 987 | -10/Exiles | Met EX-DEC 1012 | -10/Exiles | Visited The Gauntlet 1290 | -10/Exiles | Discovered exit to Mines (range 10) 1440 | -10/Exiles | Met EX-BIN 1600 | -10/Exiles | Aligned with FarCom system 1601 | -10/Exiles | Given EX-Vault access code 1651 | -10/Exiles | Opened EX-Vault 1667 | -10/Exiles | Found PSU Rigger 1702 | -10/Exiles | Warned to stay clear of 0b10 Research branches 1717 | -10/Exiles | Exiles lab attacked by MAIN.C 1822 | -10/Exiles | Left Exiles lab with PSU Rigger 1822 | -10/Exiles | Entered Mines 1823 | -9/Mines | Assembled infested the area 1826 | -9/Mines | Assisted by bots powering up and referring to "LRC-V3" 1970 | -9/Mines | Core integrity fell below 50% 1985 | -9/Mines | Core integrity fell below 20% 2026 | -9/Mines | Lost 4 parts (2n2w) 2067 | -9/Mines | Destroyed by as-13769 with Assembled Maul Last Messages --------------- 01826_ Trooper 2b: "Hello LRC-V3. What is your command?" 01838_ DK-RAY: "Oh no, it's like what happened to the Exiles when they were wandering homeless, only there's no Warlord to save us!" 01860_ Mercenary 2a destroyed. 01860_ DK-RAY destroyed. 01861_ Trooper 2b destroyed. 01866_ The unstable cave ceiling collapses. 01954_ Chain reaction triggered in Ion Engine. 01954_ G-34 Mercenary destroyed. 01954_ Destroyed Mining Laser. 01963_ Power failure, Imp. Ion Engine shutdown. 01966_ Slammed into G-47 Trooper. 01966_ G-47 Trooper knocked back. 01969_ Lgt. EM Pulse Cannon destroyed. 01975_ Lgt. Treads destroyed. 01981_ Dropped Lrg. Storage Unit. 01981_ Extracted 11 energy. 01995_ Beam Cannon destroyed. 02059_ Imp. Ion Engine destroyed. 02066_ Slammed into as-13769. Map ----- +----------------------------------------------------+ | ?????????????????????????????????????????????????? | | ?????????????????????????????????????????????????? | | ?????????????????????????????????????????????????? | | ??????????????????????#####??????????????????????? | | ??????????????????????# #??????????????????????? | | ??????????????????????# #??????????????????????? | | ??????????????????????# #??????????????????????? | | ?????????????########## ###????????????????????? | | ?????????????# #????????????????????? | | ?????????????# ##???????????????????? | | ???????? #### #???????????????????? | | ????????? ????????# ???????????????????? | | ???????????????????# ????????????????????? | | ???????????????????# =% ????????????????????? | | ???????????????????##### ????????????????????? | | #???????####???????????? ????????????????????? | | ######### ##???????????? ?????????????????????? | | !!! #???????????? ?????????????????????? | | #######!!! #???????????? ?????????????????????? | | ##????# * #???????????? ?????????????????????? | | ##???## #####????????# #?????????????????????? | | #????## g#########???# #?????????????????????? | | "" ##????## !% ## ##??# #?????????????????????? | | "" #?????## % #??# #?????????????????????? | | "" #??????#; ####%###%#?????????????????? | | ##??????##### %@a%%a #?????????????????? | | ##???????????## ############?????????????????? | | ##?????????????#####????????????????????????????? | | ##???????????????????????????????????????????????? | | ?????????????????????????????????????????????????? | | ?????????????????????????????????????????????????? | | ?????????????????????????????????????????????????? | | ?????????????????????????????????????????????????? | | ?????????????????????????????????????????????????? | | ?????????????????????????????????????????????????? | | | | | | | | | | | | | | | | | | | | | | | | | | | | | | | +----------------------------------------------------+ Best States ------------- Heat Dissipation 25 Energy Generation 12 Energy Capacity 265 Matter Stores 300 Matter Capacity 300 Sight Range 16 Robot Scan Range 10 Terrain Scan Range 16 Terrain Scan Density 10 Evasion (%) 50 Recoil Reduction 2 Item Schematics ----------------- None Robot Schematics ------------------ None Fabricated ------------ Nothing Alien Tech Used ----------------- None Achievements -------------- Librarian Challenges ------------ None Game ------ Seed VortexCompositeTerrabomb Manual? 0 Play Time 01:30:40 Cumulative 33.8 hours Start 2021.05.30 @ 08:50:31 End 2021.05.30 @ 10:46:36 Sessions 1 Manual Loads 0 Difficulty Rogue Special Mode None Game No. 8 Rogue 6 Adventurer 2 Explorer 0 Win Type - Total 0 Types 0/0/0/0/0/0/0/0/0 Lore% 14 Gallery% 23 Achievement% 19 Wizard Run 0 Options --------- ASCII 0 Keyboard 0 Movement Numpad Keybinds 0 Fullscreen 1 Font 24/Smallcaps Map View 76x50 Tactical HUD 1 Map Filters NONE Filters NONE Steam 1 RUN: 57dcfb92-8dc8-4d6d-a0bb-c01982b16cae